 Dungeon Crawl Stone Soup version 0.23.2-1-ga50397a (webtiles) character file.

Game seed: 12075564716485900607

1262 Inchmeat the Cleaver (level 8, -2/64 HPs)
             Began as a Hill Orc Fighter on May 27, 2019.
             Was a Follower of Zin.
             Killed from afar by an orc wizard (7 damage)
             ... with a puff of flame
             ... on level 6 of the Dungeon.
             The game lasted 00:06:30 (5299 turns).

Inchmeat the Cleaver (Hill Orc Fighter)             Turns: 5299, Time: 00:06:31

Health: -2/64      AC:  9    Str: 25    XL:     8   Next: 52%
Magic:  8/8        EV:  8    Int:  8    God:    Zin [*.....]
Gold:   243        SH:  0    Dex: 11    Spells: 7/7 levels left

rFire    . . .     SeeInvis .   n - +1 hand axe (elec)
rCold    . . .     Gourm    .   (no shield)
rNeg     . . .     Faith    .   u - +0 chain mail
rPois    .         Spirit   .   x - +0 hat
rElec    .         Reflect  .   (no cloak)
rCorr    .         Harm     .   (no gloves)
MR       .....                  (no boots)
Stlth    ..........             (no amulet)
HPRegen  0.20/turn              (no ring)
MPRegen  0.11/turn              (no ring)

@: mighty
A: no striking features
a: Recite, Donate Gold, Renounce Religion


You were on level 6 of the Dungeon.
You worshipped Zin.
Zin was aware of your devotion.
You were not hungry.

You visited 1 branch of the dungeon, and saw 6 of its levels.

You collected 269 gold pieces.
You donated 26 gold pieces to Zin.

Inventory:

Hand Weapons
 a - a +0 war axe
 n - a +1 hand axe of electrocution (weapon)
Armour
 b - a +0 scale mail
 u - a +0 chain mail (worn)
 x - a +0 hat (worn)
Wands
 t - a wand of flame (17)
Scrolls
 c - 2 scrolls of immolation {unknown}
 h - 2 scrolls of fear {unknown}
 j - 7 scrolls of identify {@r1}
 k - 3 scrolls of remove curse {@r2}
 m - a scroll of enchant armour {unknown}
 o - a scroll of blinking {unknown}
 q - 4 scrolls of teleportation {unknown}
 s - 2 scrolls of enchant weapon {unknown}
 w - 2 scrolls of magic mapping {unknown}
 y - a scroll of silence {unknown}
Potions
 e - a potion of agility {unknown}
 g - 2 potions of mutation {unknown}
 i - 3 potions of curing {@q1}
 l - a potion of flight {unknown}
 p - 2 potions of heal wounds {unknown}
 r - a potion of haste {unknown}
 v - a potion of brilliance {unknown}
 z - a potion of lignification {unknown}
 A - a potion of berserk rage {unknown}
Comestibles
 f - 8 rations


   Skills:
 - Level 3.6 Fighting
 * Level 12.8 Axes
 - Level 3.2 Armour
   Level 3.2 Shields


You had 7 spell levels left.
You didn't know any spells.
Your spell library contained the following spells:

 Spells                   Type           Power        Failure   Level  Hunger
 Animate Skeleton         Necr           N/A          96%         1    ##.....
 Confusing Touch          Hex            #.....       96%         1    ##.....
 Pain                     Necr           #...         96%         1    ##.....
 Summon Small Mammal      Summ           #...         96%         1    ##.....
 Call Imp                 Summ           #.......     99%         2    ###....
 Call Canine Familiar     Summ           #.......     100%        3    ####...
 Confuse                  Hex            #.......     100%        3    ####...
 Gell's Gravitas          Tloc           #.........   100%        3    ####...
 Regeneration             Chrm/Necr      #.........   100%        3    ####...
 Summon Guardian Golem    Hex/Summ       #.......     100%        3    ####...
 Vampiric Draining        Necr           #.........   100%        3    ####...
 Animate Dead             Necr           N/A          100%        4    #####..
 Petrify                  Tmut/Erth      #.......     100%        4    #####..
 Summon Ice Beast         Ice/Summ       #.......     100%        4    #####..
 Summon Lightning Spire   Summ/Air       #.......     100%        4    #####..
 Metabolic Englaciation   Hex/Ice        #.........   100%        5    ######.
 Yara's Violent Unravell  Hex/Tmut       #.........   100%        5    ######.


Dungeon Overview and Level Annotations

Branches:
Dungeon (6/15)             Temple (0/1) D:6

Altars:
Gozag
Hepliaklqana
Nemelex Xobeh
Okawaru
Vehumet
Zin

Annotations:
D:5 Eustachio


Message History

Deactivatin' autopickup; reactivate wit' Ctrl-A.
Ye hit tha orc warrior but do nay damage.
Ye hit tha orc warrior but do nay damage.
Tha orc warrior hits ye wit' a +0 long sword!!
Firin' (i - inventory) Nay suit'ble missiles.
Press: ? - help, Shift-Dir - straight line, f - orc warrior
Aim: an orc warrior, wieldin' a +0 long sword an' wearin' a +0 chain mail Okay, than.
Ye feel very mighty all o' a sudd'n.
Tha orc warrior hits ye wit' a +0 long sword!
* * * LOW HITPOINT WARNIN'
* * * Ye feel better.
Tha orc warrior hits ye wit' a +0 long sword!
* * * LOW HITPOINT WARNIN'
* * * Unknown command.
Thar be an op'n door 'ere.
Somethin' tries ta affect ye, but ye resist.
A puff o' flame appears from outta thin air!
Tha puff o' flame hits ye!
Ye die...

.#.###.#.#.# #..# .#.# #.).#.#
#..# .#.####..#.#.#.)######
<#.......#.#.#..##...#
#######..#.#.#..##...#
...........#.#..##...############
########..##.#..##...{...#.......
##.##.#..##...#.#.#.######
#.##.#..@.o....#.#.#
#..#.##.########.#.#
##.#.............#.#
#..###.##########.# ##.#.......#
#.# ###### #.........# #.# .....#
##........# #.# ...#.# #.##.#####
#.# ...#.#######..#.# #.#


You could see an orc warrior.

Vanquished Creatures
  A necrophage (D:5)
  5 ogres
  A centaur (D:6)
  2 scorpions (D:4)
  A howler monkey (D:4)
  A crimson imp (D:5)
  A centaur zombie (D:5)
  A jelly (D:6)
  2 hounds (D:5)
  3 orc wizards (D:4)
  An iguana (D:4)
  3 worker ants
  A howler monkey skeleton (D:5)
  7 adders
  2 oozes
  A dart slug (D:3)
  4 leopard geckos
  15 orcs
  7 giant cockroaches
  6 goblins
  9 hobgoblins
  8 jackals
  12 kobolds
  A quokka (D:4)
  A ball python (D:4)
  12 bats
  8 frilled lizards
  A leopard gecko skeleton (D:4)
  A quokka skeleton (D:4)
  4 rats
122 creatures vanquished.

Notes
Turn   | Place    | Note
-------+----------+-------------------------------------------
     0 | D:1      | Inchmeat the Hill Orc Fighter began the quest for the Orb.
     0 | D:1      | Reached XP level 1. HP: 19/19 MP: 1/1
    51 | D:1      | Reached skill level 3 in Axes
   232 | D:1      | Reached XP level 2. HP: 26/26 MP: 2/2
   338 | D:1      | Reached skill level 4 in Axes
   493 | D:1      | Reached XP level 3. HP: 31/31 MP: 3/3
   792 | D:1      | Reached skill level 5 in Axes
  1400 | D:2      | Reached XP level 4. HP: 36/39 MP: 4/4
  1903 | D:3      | Found a radiant altar of Vehumet.
  2002 | D:3      | Reached skill level 6 in Axes
  2647 | D:4      | Found an iron altar of Okawaru.
  2708 | D:4      | Noticed an ogre
  2715 | D:4      | Killed an ogre
  2715 | D:4      | Reached skill level 7 in Axes
  2715 | D:4      | Reached XP level 5. HP: 45/45 MP: 5/5
  2807 | D:4      | Reached skill level 8 in Axes
  2807 | D:4      | Reached XP level 6. HP: 51/51 MP: 6/6
  2956 | D:4      | Found a hazy altar of Hepliaklqana.
  2961 | D:4      | Reached skill level 9 in Axes
  3070 | D:4      | Reached XP level 7. HP: 57/57 MP: 7/7
  3071 | D:4      | Identified the +3 scale mail "Trusted Companion" {Str+7
                  | Slay+2}
  3167 | D:4      | Found an opulent altar of Gozag.
  3168 | D:4      | Found a glowing silver altar of Zin.
  3191 | D:4      | Became a worshipper of Zin the Law-Giver
  3191 | D:4      | Reached * piety under Zin
  3357 | D:4      | Reached skill level 10 in Axes
  3378 | D:4      | Found a sparkling altar of Nemelex Xobeh.
  3826 | D:5      | Entered Level 5 of the Dungeon
  3895 | D:5      | Reached skill level 11 in Axes
  3969 | D:5      | Reached XP level 8. HP: 35/64 MP: 8/8
  4505 | D:5      | Noticed Eustachio
  4555 | D:6      | Reached skill level 12 in Axes
  4862 | D:6      | Found a staircase to the Ecumenical Temple.
  5287 | D:6      | HP: 3/64 [orc warrior/+0 long sword (12)]
  5299 | D:6      | Killed from afar by an orc wizard

Skill      XL: |  1  2  3  4  5  6  7  8 |
---------------+-------------------------+-----
Axes           | 3 4 5 7 8 9 11 12 | 12.8
Fighting       | |  3.6
Armour         | |  3.2
Shields        | |  3.2

Action                   |  1- 3 |  4- 6 |  7- 9 || total
-------------------------+-------+-------+-------++-------
Melee: War axe           |    90 |       |       ||    90
       Hand axe          |    26 |   109 |   150 ||   285
Invok: Recite            |       |       |     1 ||     1
  Use: Scroll            |     2 |       |       ||     2
       Potion            |       |     1 |     3 ||     4
  Eat: Chunk             |     1 |     6 |     4 ||    11
       Ration            |       |       |     1 ||     1
Armor: Scale mail        |    83 |    16 |       ||    99
       Chain mail        |       |    22 |    53 ||    75
Dodge: Dodged            |    69 |    35 |    37 ||   141
